 Dungeon Crawl Stone Soup version 0.28.0-45-g0d030f2227 (webtiles) character file.

Game seed: 12691715175653240021

23358 RaderH2O the Protected (level 12, 0/113 HPs)
             Began as a Minotaur Berserker on Feb 16, 2022.
             Was an Elder of Trog.
             Engulfed by a cloud of freezing vapour (5 damage)
             ... in an ice cave on Apr 4, 2022.
             The game lasted 01:02:20 (10842 turns).

RaderH2O the Protected (Minotaur Berserker)        Turns: 10842, Time: 01:02:20

Health: 0/113      AC: 28    Str: 25    XL:     12   Next: 71%
Magic:  2/2        EV: 11    Int:  4    God:    Trog [****..]
Gold:   494        SH:  0    Dex: 18    Spells: 11/11 levels left

rFire   . . .      SeeInvis .   r - +4 quarterstaff "Dragon's Tongue" {drain, rC+}
rCold   + . .      Faith    .   (shield currently unavailable)
rNeg    . . .      Spirit   .   J - +1 plate armour "Weiviej" {Will++ MP-9}
rPois   .          Reflect  .   (helmet restricted)
rElec   .          Harm     .   O - +0 cloak
rCorr   .          Rampage  .   q - +2 pair of gloves
Will    ++++.                   N - +0 pair of boots
Stlth   ..........              c - amulet of regeneration
HPRegen 2.08/turn               i - +4 ring of protection
MPRegen 0.08/turn               x - +6 ring of dexterity

@: about to teleport, strong-willed, regenerating, studying Throwing
A: horns 2, retaliatory headbutt
a: Renounce Religion, Berserk, Trog's Hand, Brothers in Arms


You were in an ice cave.
You worshipped Trog.
Trog was greatly pleased with you.
You visited 1 branch of the dungeon, and saw 11 of its levels.
You also visited: Ice Cave.

You collected 688 gold pieces.
You spent 194 gold pieces at shops.

Inventory:

Hand Weapons
 a - a +2 spear
 p - a +0 falchion of draining
 r - the +4 quarterstaff "Dragon's Tongue" (weapon) {drain, rC+}
   (You found it on level 6 of the Dungeon)

   A truly terrible weapon, it drains the life of any living foe it strikes.
   rC:        It protects you from cold.
 s - a +0 hand crossbow
Missiles
 j - 4 curare-tipped darts (quivered)
 n - 37 poisoned darts
 t - 2 throwing nets
Armour
 b - a +0 animal skin
 d - a +0 ring mail
 g - a +1 chain mail
 h - a +1 pair of gloves
 q - a +2 pair of gloves (worn)
 J - the +1 plate armour "Weiviej" (worn) {Will++ MP-9}
   (You found it on level 10 of the Dungeon)

   MP:        It affects your magic capacity (-9).
   Will:      It greatly increases your willpower.
 N - a +0 pair of boots (worn)
 O - a +0 cloak (worn)
Jewellery
 c - an amulet of regeneration (around neck)
 f - an amulet of magic regeneration
 i - a +4 ring of protection (left hand)
 o - a ring of flight
 x - a +6 ring of dexterity (right hand)
 F - a ring of positive energy
 L - a ring of willpower
Wands
 v - a wand of charming (3)
 z - a wand of acid (9)
 A - a wand of iceblast (21)
 B - a wand of flame (15)
 H - a wand of digging (3)
Scrolls
 e - 6 scrolls of teleportation
 k - 2 scrolls of amnesia
 l - 3 scrolls of identify
 y - 2 scrolls of magic mapping
 C - a scroll of fear
 D - a scroll of enchant weapon
 G - a scroll of immolation
 K - a scroll of summoning
Potions
 m - 3 potions of curing
 w - 2 potions of resistance
 E - a potion of haste
 I - 2 potions of mutation
 M - a potion of ambrosia


   Skills:
 + Level 12.5 Fighting
 - Level 2.7 Long Blades
 - Level 9.1(12.5) Polearms
 - Level 13.5(14.6) Staves
 + Level 13.7 Armour
 + Level 7.0 Dodging
 - Level 0.5 Stealth
 + Level 3.3 Evocations


You had 11 spell levels left.
You didn't know any spells.
Your spell library was empty.

Dungeon Overview and Level Annotations

Branches:
Dungeon (11/15)            Temple (0/1) D:5             Orc (0/2) D:10
  IceCv (1/1)
   Lair: D:8-11

Altars:
Ashenzari
Gozag
Hepliaklqana
Nemelex Xobeh
Qazlal
Ru
Sif Muna
Trog
Uskayaw
Vehumet
Zin
Beogh

Shops:
D:1 :   D:2 !   D:5 [   D:8 ?   D:11 (

Annotations:
D:8 exclusion: 2 hydras
D:11 exclusion: centaur


Innate Abilities, Weirdness & Mutations

You have a pair of horns on your head.
You reflexively headbutt those who attack you in melee.


Message History

The reaper freezes your ogre.
Okay, then.
You feel better.
Your ogre hits the reaper with a +0 giant spiked club!!
The reaper closely misses your ogre.
Your skin crawls.
You feel strong-willed.
Your ogre hits the reaper with a +0 giant spiked club!!
The reaper hits your ogre with a +0 scythe of freezing!!
The reaper freezes your ogre.
Your ogre dies!
Your ogre's corpse disappears in a puff of smoke!
Your two-headed ogre goes berserk!
Your two-headed ogre barely misses the reaper.
Your two-headed ogre hits the reaper with a +0 giant spiked club!!
You are engulfed in freezing vapours.
You resist.
* * * LOW HITPOINT WARNING * * *
Your two-headed ogre is engulfed in freezing vapours.
Your two-headed ogre hits the reaper with a +0 dire flail!!
The reaper dies!
Trog accepts your kill.
Your Dodging skill increases to level 7!
You are engulfed in freezing vapours.
You resist.
* * * LOW HITPOINT WARNING * * *
Your two-headed ogre is engulfed in freezing vapours.
You are engulfed in freezing vapours.
You resist.
* * * LOW HITPOINT WARNING * * *
Your two-headed ogre is engulfed in freezing vapours. x2
Your two-headed ogre is engulfed in freezing vapours.
Your two-headed ogre rages.
You start resting.
You are engulfed in freezing vapours.
You resist.
* * * LOW HITPOINT WARNING * * *
Your two-headed ogre is engulfed in freezing vapours.
You feel better.
You are engulfed in freezing vapours.
You resist.
* * * LOW HITPOINT WARNING * * *
Your two-headed ogre is engulfed in freezing vapours. x2
As you read the scroll of teleportation, it crumbles to dust.
You feel strangely unstable.
You are engulfed in freezing vapours.
You resist.
You die...

##.....## .##... .## ##...##
....#..... #...## #####
...#.... ##...#
##○§.###..#..### ##...#
##.§.☼§☼...#..... ##...##
#.§#§☼§##......##
#...######☼.°.###......##.
#..##§§§#§O§#§#........#..
##..#§§§§@#§§§○§##..####..
##...##≈####§○§.##.......
####..#### ###°..........
#.#....#.### ###.○☼......#
#..........####○§.######...
#............###°§§# ###.
#...............##.#### ##
##..........#.........##..)#
#..........###.#...........


You could see a friendly two-headed ogre (summoned, berserk).

Vanquished Creatures
  A hydra (D:8)
  Harold (D:8)
  2 centaur warriors (D:8)
  A boulder beetle (D:11)
  9 two-headed ogres
  Erica (D:10)
  The ghost of Peloso the Carver, a novice MiFi of Okawaru (D:10)
  2 ugly things
  A manticore (D:7)
  A cyclops (D:10)
  An ice statue (IceCv)
  An entropy weaver simulacrum (IceCv)
  A tengu conjurer (D:10)
  A komodo dragon (D:11)
  5 ice devils (IceCv)
  2 trolls (D:10)
  A polar bear (shapeshifter) (D:10)
  2 meliai
  Prince Ribbit (D:5)
  2 hornets
  A slime creature (D:8)
  3 wraiths
  A vampire (D:8)
  A water elemental (D:11)
  6 yaks
  2 steam dragons
  6 vampire mosquitoes
  A warg (D:10)
  A harpy simulacrum (IceCv)
  5 water moccasins
  5 orc warriors
  A sky beast (D:8)
  A black bear (D:5)
  3 ogres
  A necrophage (D:4)
  2 centaurs
  3 phantoms
  5 kobold brigands
  4 bullfrogs
  4 two-headed ogre simulacra
  2 gnoll sergeants
  An elephant simulacrum (IceCv)
  2 howler monkeys (D:8)
  2 bullfrog zombies
  2 centaur zombies
  2 hounds
  2 jellies
  12 orc priests
  2 iguanas (D:6)
  A bullfrog skeleton (D:6)
  8 orc wizards
  5 troll simulacra
  A polar bear simulacrum (IceCv)
  A spriggan simulacrum (IceCv)
  3 killer bee zombies (D:8)
  3 wolf simulacra (IceCv)
  A hound zombie (D:3)
  Robin (D:3)
  3 gnolls (D:10)
  6 adders
  4 naga simulacra
  A shadow imp (D:4)
  3 white imps
  2 ufetubi
  An adder skeleton (D:4)
  2 dart slugs
  48 orcs
  2 ball pythons
  9 bats
  5 endoplasms
  3 giant cockroaches
  12 goblins
  12 hobgoblins
  2 jackals (D:3)
  4 quokkas
  3 frilled lizards
  A jackal zombie (D:4)
  23 kobolds
  6 rats
296 creatures vanquished.

Vanquished Creatures (collateral kills)
  A reaper (IceCv)
  An ice statue (IceCv)
  A naga simulacrum (IceCv)
3 creatures vanquished.

Vanquished Creatures (others)
  A plant (D:1)
1 creature vanquished.

Grand Total: 300 creatures vanquished

Notes
Turn   | Place    | Note
-------+----------+-------------------------------------------
     0 | D:1      | RaderH2O the Minotaur Berserker began the quest for the
                  | Orb.
     0 | D:1      | Reached XP level 1. HP: 19/19 MP: 0/0
   194 | D:1      | Found a faded altar of an unknown god.
   207 | D:1      | Reached XP level 2. HP: 11/27 MP: 1/1
   434 | D:1      | Found Zirchyon's Book Shoppe.
  1071 | D:2      | Reached XP level 3. HP: 32/34 MP: 2/2
  1090 | D:2      | Found Tiyjum's Distillery.
  1432 | D:2      | Upgraded the game from 0.28.0 to 0.28.0-45-g0d030f2227
  1468 | D:3      | Reached ** piety under Trog
  1639 | D:3      | Reached XP level 4. HP: 36/41 MP: 3/3
  1770 | D:3      | Noticed Robin
  1779 | D:3      | Killed Robin
  2144 | D:3      | Found a faded altar of an unknown god.
  2148 | D:3      | Found a glowing silver altar of Zin.
  2310 | D:4      | Found a sand-covered staircase.
  2480 | D:4      | Noticed a necrophage
  2486 | D:4      | Killed a necrophage
  2487 | D:4      | Reached skill level 5 in Polearms
  2487 | D:4      | Reached XP level 5. HP: 47/47 MP: 4/4
  2520 | D:4      | Noticed an ogre
  2538 | D:4      | Killed an ogre
  2539 | D:4      | Reached skill level 5 in Fighting
  2539 | D:4      | Reached XP level 6. HP: 37/56 MP: 5/5
  2700 | D:4      | Noticed a steam dragon
  2716 | D:4      | HP: 2/56 [steam dragon] (5)]
  2717 | D:4      | Killed a steam dragon
  2717 | D:4      | Reached *** piety under Trog
  2718 | D:4      | Reached skill level 5 in Armour
  3130 | D:4      | Found a bloodstained altar of Trog.
  3457 | D:5      | Entered Level 5 of the Dungeon
  3561 | D:5      | Reached XP level 7. HP: 36/62 MP: 6/6
  3800 | D:5      | Found a sparkling altar of Nemelex Xobeh.
  3844 | D:5      | Noticed Prince Ribbit
  3888 | D:5      | Killed Prince Ribbit
  4077 | D:5      | Found a staircase to the Ecumenical Temple.
  4161 | D:5      | Found Nuoxtapo's Antique Armour Boutique.
  4331 | D:5      | Reached XP level 8. HP: 62/71 MP: 7/7
  4410 | D:5      | Found an opulent altar of Gozag.
  4410 | D:5      | Found a hide-covered altar of Uskayaw.
  4945 | D:6      | Found a hazy altar of Hepliaklqana.
  5134 | D:6      | Reached **** piety under Trog
  5499 | D:6      | Identified the +4 quarterstaff "Dragon's Tongue" {drain,
                  | rC+}
  5654 | D:7      | Noticed a manticore
  5675 | D:7      | Reached XP level 9. HP: 63/81 MP: 8/8
  5677 | D:7      | Killed a manticore
  5678 | D:7      | Reached skill level 1 in Long Blades
  5678 | D:7      | Reached skill level 1 in Staves
  6426 | D:8      | Noticed Harold
  6438 | D:8      | Killed Harold
  6439 | D:8      | Reached skill level 10 in Armour
  6448 | D:8      | Reached skill level 5 in Staves
  6448 | D:8      | Reached XP level 10. HP: 90/90 MP: 9/9
  6717 | D:8      | Found a sacrificial altar of Ru.
  6755 | D:8      | Noticed a centaur warrior
  6767 | D:8      | Killed a centaur warrior
  6821 | D:8      | Noticed a centaur warrior
  6833 | D:8      | Killed a centaur warrior
  6842 | D:8      | Reached ***** piety under Trog
  6897 | D:8      | Noticed a seven-headed hydra
  6899 | D:8      | Noticed a two-headed ogre
  7039 | D:8      | Noticed a two-headed ogre
  7043 | D:8      | Killed a two-headed ogre
  7044 | D:8      | Reached skill level 10 in Fighting
  7155 | D:7      | Killed a two-headed ogre
  7156 | D:7      | Reached XP level 11. HP: 75/99 MP: 10/10
  7259 | D:8      | Killed a seven-headed hydra
  7260 | D:8      | Reached skill level 10 in Staves
  7341 | D:8      | Noticed a green ugly thing
  7357 | D:8      | Killed a green ugly thing
  7466 | D:8      | Noticed a two-headed ogre
  7477 | D:8      | Killed a two-headed ogre
  7478 | D:8      | Reached skill level 5 in Dodging
  7740 | D:8      | Found Joah's Magic Scroll Emporium.
  7748 | D:8      | Bought a scroll of identify for 26 gold pieces
  7748 | D:8      | Bought a scroll of fear for 45 gold pieces
  7748 | D:8      | Bought a scroll of enchant weapon for 97 gold pieces
  7748 | D:8      | Bought a scroll of identify for 26 gold pieces
  8182 | D:9      | Noticed a two-headed ogre
  8191 | D:9      | Killed a two-headed ogre
  8643 | D:9      | Found a shimmering blue altar of Sif Muna.
  8725 | D:9      | Found a stormy altar of Qazlal.
  8785 | D:10     | Entered Level 10 of the Dungeon
  8816 | D:10     | Found a staircase to the Orcish Mines.
  8991 | D:10     | Noticed a two-headed ogre
  8996 | D:10     | Killed a two-headed ogre
  9011 | D:10     | Found a runed translucent gate.
  9011 | D:10     | Found a runed translucent gate.
  9011 | D:10     | Found a runed translucent gate.
  9013 | D:10     | Noticed Peloso's ghost (novice MiFi)
  9070 | D:10     | Noticed a two-headed ogre
  9078 | D:10     | Killed a two-headed ogre
  9098 | D:10     | Noticed Erica
  9111 | D:10     | Killed Erica
  9118 | D:10     | Noticed a two-headed ogre
  9126 | D:10     | Killed a two-headed ogre
  9167 | D:10     | Killed Peloso's ghost
  9173 | D:10     | Identified the +1 plate armour "Weiviej" {Will++ MP-9}
  9206 | D:10     | Noticed a red ugly thing
  9232 | D:10     | Killed a red ugly thing
  9249 | D:10     | Noticed a two-headed ogre
  9262 | D:10     | Killed a two-headed ogre
  9263 | D:10     | Reached XP level 12. HP: 76/110 MP: 2/11
  9387 | D:10     | Found a broken altar of Ashenzari.
  9649 | D:10     | Found a radiant altar of Vehumet.
 10216 | D:11     | Noticed a boulder beetle
 10237 | D:11     | Killed a boulder beetle
 10238 | D:11     | Reached skill level 1 in Evocations
 10291 | D:11     | Noticed a two-headed ogre
 10301 | D:11     | Killed a two-headed ogre
 10329 | D:11     | Found Nikluib's Antique Weapon Boutique.
 10438 | D:11     | Found a frozen archway.
 10509 | IceCv    | Entered an ice cave
 10807 | IceCv    | Noticed a reaper
 10827 | IceCv    | HP: 5/113 [reaper/+0 scythe of freezing (8)]
 10833 | IceCv    | Killed a reaper
 10835 | IceCv    | HP: 4/113 [something (7)]
 10840 | IceCv    | HP: 5/113 [something (10)]
 10842 | IceCv    | Engulfed by a cloud of freezing vapour

Illustrated notes

Levels and vault maps discovered:
D:1:      nzn_arrival_depleted_hourglass, layout_loops_ring, serial_shops, shop,
          shapermc_ecumenical_altar_acropolis
D:2:      layout_rooms, serial_shops, shop_fountains
D:3:      layout_loops_cross, nicolae_overflow_ecumenical_swirl,
          supply_closet_lemuel, uniq_robin
D:4:      layout_layer_cave, trog_three_pillars_becter, enter_ossuary_3,
          minmay_manual_mullet
D:5:      layout_basic, gammafunk_temple_overflow_elements,
          mainiacjoe_overflow_surrounded_room, minmay_temple_entry_tees,
          serial_shops, nicolae_shop_waterfront, uniq_prince_ribbit1
D:6:      layout_gridville, mainiacjoe_overflow_catwalk
D:7:      layout_basic, minmay_manual_monstrance
D:8:      hangedman_cross_veins, layout_basic, hangedman_ru_absence,
          special_room [special_room_orc], serial_shops, shop,
          minmay_misc_feat_more_columns, uniq_harold
D:9:      layout_basic, kennysheep_mini, mainiacjoe_overflow_six_doors_small,
          hangedman_decor_points
D:10:     layout_irregular_city, cheibrodos_ashenzari_chains, vehumet_crystals,
          erik_orc_4, ebering_ghost_rock_garden,
          minmay_fractal_squares_gapless_7, uniq_erica
D:11:     layout_rooms, erik_lair_island, serial_shops, shop,
          portal_ice_cave_entry_ice_simulacra
IceCv:    ice_cave_small_demon

Skill      XL: |  1  2  3  4  5  6  7  8  9 10 11 12 |
---------------+-------------------------------------+-----
Fighting       | 4 5 6 7 8 10 11 12 | 12.5
Polearms       | 4 5 6 7 8 9 |  9.1
Armour         | 3 4 5 7 8 10 11 12 13 | 13.7
Dodging        | 3 4 5 7 |  7.0
Long Blades    | 2 |  2.7
Staves         | 5 9 13 | 13.5
Evocations     | 3 |  3.3
Stealth        | |  0.5

Action                   |  1- 3 |  4- 6 |  7- 9 | 10-12 || total
-------------------------+-------+-------+-------+-------++-------
Melee: Spear             |   110 |   137 |   126 |       ||   373
       Headbutt          |    15 |    25 |    39 |   120 ||   199
       Punch             |     1 |     4 |     3 |       ||     8
       Falchion          |       |       |    31 |       ||    31
       Quarterstaff      |       |       |    55 |   475 ||   530
Invok: Berserk           |       |     1 |     3 |     7 ||    11
       Trog's Hand       |       |       |       |     2 ||     2
       Brothers in Arms  |       |       |       |     4 ||     4
Evoke: Wand              |       |       |       |     7 ||     7
  Use: Scroll            |     4 |     4 |     5 |     8 ||    21
       Potion            |       |     4 |       |     3 ||     7
Armor: Animal skin       |     4 |       |       |       ||     4
       Chain mail        |    56 |    72 |   136 |   156 ||   420
       Plate armour      |       |       |       |   107 ||   107
Dodge: Dodged            |    61 |    57 |    96 |   208 ||   422
